cohdb
Replays
Latest Replays
All Replays
Popular Replays
Top Player Replays
Match Explorer
How It Works
Community
CoH3 Stats
Reddit
Sign in to upload your games and track your stats! →
Sign in with Steam
Match 46566487
Unlisted
Match 46566487
Overview
Messages
Build Orders
End
Vickers Machine Gun Team
Construct Section Command Post
Selects Heavy Armor Battlegroup
Dingo Light Scout Car
Infantry Section
Infantry Section
Selects Rigorous Vehicle Training
Construct Platoon Command Post
6-pounder Anti-tank Gun Team
Selects Forward Repair Assembly
CMP 15cwt Truck
Selects Light Vehicle Withdraw and Refit
Royal Engineer Section
Grenade Package
Selects Radio Net
Forward Retreat Point
Construct Company Command Post
Crusader II Medium Tank
Crusader II Medium Tank
MNi
MoERuDa
MN97
GovernorMilitantPaulus
=RPD= Katzenpo
orangeishur
IronDragon
90WISHROCKX
0
0
Comments
sign in to comment!
No comments posted yet!